 Dungeon Crawl Stone Soup version 0.19.0-2-gae57169 (webtiles) character file.

199 Pepeogr the Ruffian (level 5, -1/45 HPs)
             Began as a Draconian Berserker on Nov 6, 2016.
             Was a Believer of Trog.
             Slain by Elizilla's ghost (8 damage)
             ... on level 4 of the Dungeon.
             The game lasted 00:16:35 (2573 turns).

Pepeogr the Ruffian (Draconian Berserker)           Turns: 2573, Time: 00:16:35

Health: -1/45      AC:  7    Str: 20    XL:     5   Next: 48%
Magic:  5/5        EV: 13    Int:  8    God:    Trog [**....]
Gold:   145        SH:  0    Dex: 10    Spells: 0 memorised, 4 levels left

rFire  . . .     SeeInvis .       - Unarmed
rCold  . . .     Gourm    .     (armour unavailable)
rNeg   . . .     Faith    .     (no shield)
rPois  .         Spirit   .     (helmet restricted)
rElec  .         Reflect  .     d - +1 cloak
rCorr  .         Harm     .     (no gloves)
MR     .....                    (no boots)
Stlth  +.........               (no amulet)
                                (no ring)
                                (no ring)

@: no status effects
A: unfitting armour, cold-blooded, AC +5
a: Berserk, Trog's Hand, Burn Spellbooks, Renounce Religion


You were on level 4 of the Dungeon.
You worshipped Trog.
Trog was pleased with you.
You were not hungry.

You visited 1 branch of the dungeon, and saw 3 of its levels.

You collected 145 gold pieces.

Inventory:

Hand Weapons
 a - a +0 mace
 e - a +0 short sword
Armour
 d - a +1 cloak (worn)
 f - a +2 helmet
 g - a +0 shield
Jewellery
 h - a cursed -5 ring of strength
Scrolls
 b - a scroll of identify
 i - a scroll of amnesia
Potions
 c - a potion of agility


   Skills:
 + Level 3.4 Fighting
 - Level 3.0 Maces & Flails
 + Level 3.7 Dodging
 + Level 0.4 Stealth
 * Level 4.2 Unarmed Combat


You had 4 spell levels left.
You didn't know any spells.

Dungeon Overview and Level Annotations

Branches:
Dungeon (2/15)

Altars:
Qazlal
Vehumet

Annotations:
D:4 Elizilla's ghost, novice TrMo


Innate Abilities, Weirdness & Mutations

Your plain brown scales are hard. (AC +5)
You cannot fit into any form of body armour.
You are cold-blooded and may be slowed by cold attacks.


Message History

You closely miss Elizilla's ghost. You barely miss Elizilla's ghost.
Your tail-slap misses Elizilla's ghost.
Elizilla's ghost barely misses you.
You hit Elizilla's ghost.
Elizilla's ghost is lightly damaged.
Elizilla's ghost misses you.
You hit Elizilla's ghost but do no damage.
Your tail-slap misses Elizilla's ghost.
Elizilla's ghost is lightly damaged.
Elizilla's ghost hits you!
You hit Elizilla's ghost but do no damage.
Elizilla's ghost is lightly damaged.
Elizilla's ghost completely misses you. Elizilla's ghost completely misses you.
Elizilla's ghost hits you!
* * * LOW HITPOINT WARNING * * *
You see here 7 stones.
Elizilla's ghost barely misses you. Elizilla's ghost hits you!
You die...

#..# #...## ###.#
..# #...###..<#
..## ##.........#
...###
##.<.......(#
.....####.......#
.. #...
...........##...#
#.# #...
..#.......####..##
#..###...#
.........##
##..###........#
.......###
#.@.###......#
...##..# ##.W.#
....# ########
#..(#####.###### #
##.............###
#................
#................
#..##########.####
#### ###


You could see Elizilla's ghost.

Vanquished Creatures
  A scorpion (D:4)
  A worker ant (D:4)
  Robin (D:2)
  3 adders
  7 dart slugs
  3 leopard geckos
  An orc (D:4)
  17 goblins
  10 hobgoblins
  A quokka (D:4)
  3 ball pythons
  8 bats
  6 frilled lizards
  5 kobolds
  8 rats
75 creatures vanquished.

Notes
Turn   | Place    | Note
-------+----------+-------------------------------------------
     0 | D:1      | Pepeogr the Draconian Berserker began the quest for the Orb.
     0 | D:1      | Reached XP level 1. HP: 19/19 MP: 1/1
   213 | D:1      | Reached XP level 2. HP: 16/26 MP: 2/2
   338 | D:1      | Reached skill level 1 in Unarmed Combat
   980 | D:1      | Reached XP level 3. HP: 16/31 MP: 3/3
  1262 | D:2      | Reached skill level 2 in Unarmed Combat
  1282 | D:2      | Reached ** piety under Trog
  1556 | D:2      | Found a radiant altar of Vehumet.
  1642 | D:2      | Reached XP level 4. HP: 17/38 MP: 4/4
  1862 | D:2      | Noticed Robin
  1876 | D:2      | Killed Robin
  1876 | D:2      | Reached skill level 3 in Unarmed Combat
  1936 | D:2      | Found a stormy altar of Qazlal.
  2271 | D:2      | You fall through a shaft for 2 floors!
  2367 | D:4      | Reached XP level 5. HP: 31/45 MP: 5/5
  2485 | D:4      | Reached skill level 4 in Unarmed Combat
  2553 | D:4      | Noticed Elizilla's ghost (novice TrMo)
  2573 | D:4      | Slain by Elizilla's ghost

Skill      XL: |  1  2  3  4  5 |
---------------+----------------+-----
Dodging        | 3 |  3.7
Unarmed Combat | 1 2 3 4 |  4.2
Fighting       | |  3.4
Maces & Flails | |  3.0
Stealth        | |  0.4

Action                   |  1- 3 |  4- 6 || total
-------------------------+-------+-------++-------
Melee: Unarmed           |   194 |   125 ||   319
       Tailslap          |    22 |    15 ||    37
       Punch             |     1 |     2 ||     3
  Use: Scroll            |     5 |     4 ||     9
       Potion            |     1 |     1 ||     2
 Stab: Sleeping          |     1 |     2 ||     3
  Eat: Bread ration      |     1 |       ||     1
       Beef jerky        |       |     1 ||     1
Armor: Skin              |    84 |    62 ||   146
Dodge: Dodged            |   198 |   146 ||   344
